SAAA
TORTOLITA DRUMMERS @ SANTA BARBARA GOLDEN CRANES
08/16/2020
 
TOP OF THE 1ST
Tortolita Drummers batting - Pitching for Santa Barbara Golden Cranes : RHP Jim Unknown
Pitching: RHP Jim Unknown
Batting: RHB Dan Lewis 0-0: Swinging Strike
0-1: Foul Ball, location: 2F
0-2: Ball
1-2: Ball
2-2: Ball
3-2: Ground out 5-3 (Groundball, 15S)
Batting: RHB Lonnie Conrad 0-0: Ball
1-0: Ball
2-0: Ball
3-0: Called Strike
3-1: Called Strike
3-2: Foul Ball, location: 2F
3-2: Ground out 4-3 (Groundball, 4)
Batting: LHB Keith Spear 0-0: Foul Ball, location: 2F
0-1: Ball
1-1: Ground out 1-3 (Groundball, 25)
Top of the 1st over - 0 run(s), 0 hit(s), 0 error(s), 0 left on base; Tortolita 0 - Santa Barbara 0
BOTTOM OF THE 1ST
Santa Barbara Golden Cranes batting - Pitching for Tortolita Drummers : RHP Armando Hernández
Pitching: RHP Armando Hernández
Batting: RHB José Masaferro 0-0: Bunt for hit - play at first, batter OUT! 1-3
Batting: RHB Jesús Murillo 0-0: Called Strike
0-1: Ball
1-1: Ball
2-1: Foul Ball, location: 2F
2-2: Fly out, F9 (Flyball, 9M)
Batting: LHB Marvin von Seydlitz 0-0: Called Strike
0-1: Foul Ball, location: 2F
0-2: Ball
1-2: Ball
2-2: Foul Ball, location: 2F
2-2: Foul Ball, location: 2F
2-2: Fly out, F6 (Popup, 6MD)
Bottom of the 1st over - 0 run(s), 0 hit(s), 0 error(s), 0 left on base; Tortolita 0 - Santa Barbara 0
TOP OF THE 2ND
Tortolita Drummers batting - Pitching for Santa Barbara Golden Cranes : RHP Jim Unknown
Batting: LHB Pat McJannett 0-0: Ball
1-0: Ball
2-0: SINGLE (Line Drive, 78S)
Batting: SHB Yosuke Kiyomizu 0-0: Ball
1-0: SINGLE (Line Drive, 6D)
Pat McJannett to second
Batting: RHB Jim Harris 0-0: Called Strike
0-1: Called Strike
0-2: Ball
1-2: Foul Ball, location: 2F
1-2: Ball
2-2: Strikes out looking
Batting: LHB Gonzalo Féliz 0-0: Fly out, F8 (Line Drive, 8LM)
Batting: RHB Ray Whittier 0-0: Called Strike
0-1: Foul Ball, location: 2F
0-2: Ground out 4-3 (Groundball, 4)
Top of the 2nd over - 0 run(s), 2 hit(s), 0 error(s), 2 left on base; Tortolita 0 - Santa Barbara 0
BOTTOM OF THE 2ND
Santa Barbara Golden Cranes batting - Pitching for Tortolita Drummers : RHP Armando Hernández
Batting: RHB Mark Dayment 0-0: Called Strike
0-1: Hit by Pitch
Batting: RHB San-gui Liang 0-0: Foul Ball, location: 2F
0-1: Ball
1-1: Ball
2-1: Foul Ball, location: 2F
2-2: Foul Ball, location: 2F
2-2: Hit by Pitch
Mark Dayment to second
Batting: RHB Mal Phillips 0-0: Grounds into double play, 1-6-3 (Groundball, 13)
Mark Dayment to third
Batting: RHB Ricardo Pérez 0-0: Ball
1-0: Ball
2-0: SINGLE (Line Drive, 89S)
Mark Dayment scores
Batting: RHB Juan Jose Díaz 0-0: Ball
Ricardo Pérez is caught stealing 2nd base
Bottom of the 2nd over - 1 run(s), 1 hit(s), 0 error(s), 0 left on base; Tortolita 0 - Santa Barbara 1
TOP OF THE 3RD
Tortolita Drummers batting - Pitching for Santa Barbara Golden Cranes : RHP Jim Unknown
Batting: RHB Ron Humboldt 0-0: Ball
1-0: SINGLE (Flyball, 7S)
Batting: RHB Dan Lewis 0-0: Ball
1-0: Called Strike
1-1: Ball
2-1: Reached on error, E5 (Groundball, 56)
Ron Humboldt to second
Batting: RHB Lonnie Conrad 0-0: Foul Ball, location: 2F
0-1: Foul Ball, location: 2F
0-2: Strikes out swinging
Batting: LHB Keith Spear 0-0: Called Strike
0-1: Ball
1-1: Ball
2-1: Foul Ball, location: 2F
2-2: Ball
3-2: Base on Balls
Ron Humboldt to third
Dan Lewis to second
Batting: LHB Pat McJannett 0-0: Ball
1-0: GRAND SLAM HOME RUN (Line Drive, 9D), Distance : 356 ft
Batting: SHB Yosuke Kiyomizu 0-0: Ball
1-0: Ball
2-0: Ball
3-0: Called Strike
3-1: Base on Balls
Batting: RHB Jim Harris 0-0: Ball
1-0: Foul Ball, location: 2F
1-1: Ball
2-1: Called Strike
2-2: Foul Ball, location: 2F
2-2: Ball
3-2: Strikes out looking
Batting: LHB Gonzalo Féliz 0-0: Ball
1-0: Foul Ball, location: 2F
1-1: Ball
2-1: Called Strike
2-2: Strikes out swinging
Top of the 3rd over - 4 run(s), 2 hit(s), 1 error(s), 1 left on base; Tortolita 4 - Santa Barbara 1
BOTTOM OF THE 3RD
Santa Barbara Golden Cranes batting - Pitching for Tortolita Drummers : RHP Armando Hernández
Batting: RHB Juan Jose Díaz 0-0: Ball
1-0: Ball
2-0: Ball
3-0: Called Strike
3-1: Foul Ball, location: 2F
3-2: Base on Balls
Batting: RHB Tim Wilson 0-0: Called Strike
0-1: Foul Ball, location: 2F
0-2: Fly out, F3 (Popup, 3SF)
Batting: RHB José Masaferro 0-0: Called Strike
0-1: Ball
1-1: Ball
2-1: Ball
3-1: Base on Balls
Juan Jose Díaz to second
Batting: RHB Jesús Murillo 0-0: Foul Ball, location: 2F
0-1: Ball
1-1: Ball
2-1: Fly out, F3 (Popup, 3SF)
Batting: LHB Marvin von Seydlitz 0-0: Called Strike
0-1: Ball
1-1: Swinging Strike
1-2: Ball
2-2: Foul Ball, location: 2F
2-2: Foul Ball, location: 2F
2-2: Strikes out swinging
Bottom of the 3rd over - 0 run(s), 0 hit(s), 0 error(s), 2 left on base; Tortolita 4 - Santa Barbara 1
TOP OF THE 4TH
Tortolita Drummers batting - Pitching for Santa Barbara Golden Cranes : RHP Jim Unknown
Batting: RHB Ray Whittier 0-0: Called Strike
0-1: SINGLE (Line Drive, 56D)
Batting: RHB Ron Humboldt 0-0: SINGLE (Line Drive, 7S)
Ray Whittier to second
Batting: RHB Dan Lewis 0-0: Called Strike
0-1: Foul Ball, location: 2F
0-2: Strikes out swinging
Batting: RHB Lonnie Conrad 0-0: Fly out, F4 (Popup, 4MD)
Batting: LHB Keith Spear 0-0: Ball
1-0: SINGLE (Groundball, 4MD)
Ray Whittier to third
Ron Humboldt to second
Runner from 3rd tries for Home, SAFE, throw made home
Ron Humboldt to third
Keith Spear to second
Batting: LHB Pat McJannett 0-0: Ball
1-0: Ball
2-0: Ball
3-0: Base on Balls
Batting: SHB Yosuke Kiyomizu 0-0: Called Strike
0-1: Ball
1-1: Ball
2-1: Swinging Strike
2-2: Ground out 1-3 (Groundball, 15S)
Top of the 4th over - 1 run(s), 3 hit(s), 0 error(s), 3 left on base; Tortolita 5 - Santa Barbara 1
BOTTOM OF THE 4TH
Santa Barbara Golden Cranes batting - Pitching for Tortolita Drummers : RHP Armando Hernández
Batting: RHB Mark Dayment 0-0: Called Strike
0-1: Swinging Strike
0-2: Ball
1-2: Ball
2-2: Ball
3-2: Foul Ball, location: 2F
3-2: Base on Balls
Batting: RHB San-gui Liang 0-0: SINGLE (Flyball, 8RS)
Mark Dayment to second
Batting: RHB Mal Phillips 0-0: SINGLE (Flyball, 8LS)
Mark Dayment to third
San-gui Liang to second
Batting: RHB Ricardo Pérez 0-0: Called Strike
0-1: Swinging Strike
0-2: Fly out, F4 (Popup, 34D)
Batting: RHB Juan Jose Díaz 0-0: Ball
1-0: Foul Ball, location: 2F
1-1: Ball
2-1: Ball
3-1: Called Strike
3-2: Ground out 5-3 (Groundball, 56S)
Mark Dayment scores
San-gui Liang to third
Mal Phillips to second
Batting: RHB Tim Wilson 0-0: Ball
1-0: Called Strike
1-1: Foul Ball, location: 2F
1-2: Strikes out swinging
Bottom of the 4th over - 1 run(s), 2 hit(s), 0 error(s), 2 left on base; Tortolita 5 - Santa Barbara 2
TOP OF THE 5TH
Tortolita Drummers batting - Pitching for Santa Barbara Golden Cranes : RHP Jim Unknown
Batting: RHB Jim Harris 0-0: Called Strike
0-1: Called Strike
0-2: Ball
1-2: Fly out, F9 (Flyball, 9M)
Batting: LHB Gonzalo Féliz 0-0: Ball
1-0: Ball
2-0: SOLO HOME RUN (Flyball, 89XD), Distance : 396 ft
Pitching: RHP Cam Davidson
Batting: RHB Ray Whittier 0-0: Ground out 6-3 (Groundball, 6)
Batting: RHB Ron Humboldt 0-0: Called Strike
0-1: SINGLE (Line Drive, 78S)
Batting: RHB Dan Lewis 0-0: Ball
1-0: Foul Ball, location: 2F
1-1: Foul Ball, location: 2F
1-2: Strikes out looking
Top of the 5th over - 1 run(s), 2 hit(s), 0 error(s), 1 left on base; Tortolita 6 - Santa Barbara 2
BOTTOM OF THE 5TH
Santa Barbara Golden Cranes batting - Pitching for Tortolita Drummers : RHP Armando Hernández
Batting: RHB José Masaferro 0-0: Foul Ball, location: 2F
0-1: Ball
1-1: Ball
2-1: Foul Ball, location: 2F
2-2: Strikes out looking
Batting: RHB Jesús Murillo 0-0: Foul Ball, location: 2F
0-1: Swinging Strike
0-2: Ball
1-2: Ball
2-2: Ball
3-2: DOUBLE (Line Drive, 89D)
Batting: LHB Marvin von Seydlitz 0-0: Ball
1-0: Foul Ball, location: 2F
1-1: Ball
2-1: Fly out, F8 (Flyball, 8RM)
Batting: RHB Mark Dayment 0-0: Ball
1-0: Ball
2-0: Foul Ball, location: 2F
2-1: Foul Ball, location: 2F
2-2: Ball
3-2: Base on Balls
Batting: RHB San-gui Liang 0-0: Ball
1-0: Ball
2-0: Foul Ball, location: 2F
2-1: Foul Ball, location: 2F
2-2: Ball
3-2: Strikes out swinging
Bottom of the 5th over - 0 run(s), 1 hit(s), 0 error(s), 2 left on base; Tortolita 6 - Santa Barbara 2
TOP OF THE 6TH
Tortolita Drummers batting - Pitching for Santa Barbara Golden Cranes : RHP Cam Davidson
Batting: RHB Lonnie Conrad 0-0: Ball
1-0: Ball
2-0: Ball
3-0: Base on Balls
Batting: LHB Keith Spear 0-0: SINGLE (Line Drive, 4M)
Lonnie Conrad to second
Batting: LHB Pat McJannett 0-0: Swinging Strike
0-1: Fielders Choice at 2nd, 3-6 (Groundball, 3)
Lonnie Conrad to third
Batting: SHB Yosuke Kiyomizu 0-0: Called Strike
0-1: Ball
1-1: Foul Ball, location: 2F
1-2: SINGLE (Groundball, 34D)
Lonnie Conrad scores
Pat McJannett to second
Runner from 2nd tries for 3rd, SAFE, no throw or cutoff
Batting: RHB Jim Harris 0-0: Ball
1-0: Ball
2-0: Foul Ball, location: 2F
2-1: Called Strike
2-2: Ball
3-2: Foul Ball, location: 2F
3-2: Base on Balls
Yosuke Kiyomizu to second
Batting: LHB Gonzalo Féliz 0-0: Fly out, F8 (Flyball, 8RM)
Runner from 3rd tags up, SCORES, throw made
Batting: RHB Ray Whittier 0-0: Called Strike
0-1: Swinging Strike
0-2: Ball
1-2: Ball
2-2: Fly out, F9 (Flyball, 9S)
Top of the 6th over - 2 run(s), 2 hit(s), 0 error(s), 2 left on base; Tortolita 8 - Santa Barbara 2
BOTTOM OF THE 6TH
Santa Barbara Golden Cranes batting - Pitching for Tortolita Drummers : RHP Armando Hernández
Batting: RHB Mal Phillips 0-0: Ball
1-0: Called Strike
1-1: Ball
2-1: Foul Ball, location: 2F
2-2: Fly out, F7 (Flyball, 78XD)
Batting: RHB Ricardo Pérez 0-0: Foul Ball, location: 2F
0-1: Foul Ball, location: 2F
0-2: Ball
1-2: Strikes out swinging
Batting: RHB Juan Jose Díaz 0-0: Called Strike
0-1: Fly out, F7 (Flyball, 7LM)
Bottom of the 6th over - 0 run(s), 0 hit(s), 0 error(s), 0 left on base; Tortolita 8 - Santa Barbara 2
TOP OF THE 7TH
Tortolita Drummers batting - Pitching for Santa Barbara Golden Cranes : RHP Cam Davidson
Batting: RHB Ron Humboldt 0-0: Ball
1-0: Fly out, F4 (Popup, 6MS)
Batting: RHB Dan Lewis 0-0: Called Strike
0-1: Ball
1-1: Foul Ball, location: 2F
1-2: Ball
2-2: Strikes out swinging
Batting: RHB Lonnie Conrad 0-0: Swinging Strike
0-1: SINGLE (Groundball, 56)
Batting: LHB Keith Spear 0-0: Ball
1-0: Called Strike
1-1: Ball
2-1: Foul Ball, location: 2F
2-2: SINGLE (Line Drive, 9LS)
Lonnie Conrad to second
Runner from 2nd tries for 3rd, SAFE, throw made to third
Keith Spear to second
Batting: LHB Pat McJannett 0-0: Ball
1-0: Swinging Strike
1-1: Swinging Strike
1-2: Foul Ball, location: 2F
1-2: Ball
2-2: Foul Ball, location: 2F
2-2: DOUBLE (Flyball, 7LD)
Lonnie Conrad scores
Keith Spear scores
Pitching: LHP Fernando Rivero
Batting: SHB Yosuke Kiyomizu 0-0: Called Strike
0-1: Foul Ball, location: 2F
0-2: Ball
1-2: Foul Ball, location: 2F
1-2: Ball
2-2: Foul Ball, location: 2F
2-2: Strikes out swinging
Top of the 7th over - 2 run(s), 3 hit(s), 0 error(s), 1 left on base; Tortolita 10 - Santa Barbara 2
BOTTOM OF THE 7TH
Santa Barbara Golden Cranes batting - Pitching for Tortolita Drummers : RHP Armando Hernández
Batting: RHB Tim Wilson 0-0: DOUBLE (Flyball, 7M)
Batting: RHB José Masaferro 0-0: Ball
1-0: SINGLE (Line Drive, 8RS)
Tim Wilson to third
Batting: RHB Jesús Murillo 0-0: Called Strike
0-1: Ball
1-1: DOUBLE (Line Drive, 5L)
Tim Wilson scores
José Masaferro to third
Runner from 3rd tries for Home, SAFE, no throw or cutoff
Batting: LHB Marvin von Seydlitz 0-0: Swinging Strike
0-1: Ball
1-1: Ground out 4-3 (Groundball, 4)
Jesús Murillo to third
Pitching: LHP Jud Riggs
Batting: RHB Mark Dayment 0-0: Ground out 5-3 (Groundball, 56)
Jesús Murillo scores
Batting: RHB San-gui Liang 0-0: Ball
1-0: Swinging Strike
1-1: Ball
2-1: Swinging Strike
2-2: Ground out 5-3 (Groundball, 15S)
Bottom of the 7th over - 3 run(s), 3 hit(s), 0 error(s), 0 left on base; Tortolita 10 - Santa Barbara 5
TOP OF THE 8TH
Tortolita Drummers batting - Pitching for Santa Barbara Golden Cranes : LHP Fernando Rivero
Batting: RHB Jim Harris 0-0: Ball
1-0: SINGLE (Groundball, 56D)
Batting: LHB Gonzalo Féliz 0-0: Ball
1-0: Bunted foul
1-1: Sac Bunt - play at first, batter OUT! 5-4
Jim Harris to second
Batting: RHB Ray Whittier 0-0: Ball
1-0: Fly out, F4 (Line Drive, 4M)
Batting: RHB Ron Humboldt 0-0: Ball
1-0: Ball
2-0: Ball
3-0: Base on Balls
Batting: RHB Dan Lewis 0-0: Called Strike
0-1: Foul Ball, location: 2F
0-2: Ground out 5-3 (Groundball, 56)
Top of the 8th over - 0 run(s), 1 hit(s), 0 error(s), 2 left on base; Tortolita 10 - Santa Barbara 5
BOTTOM OF THE 8TH
Santa Barbara Golden Cranes batting - Pitching for Tortolita Drummers : LHP Jud Riggs
Now at 2B: David Cross
Batting: RHB Mal Phillips 0-0: Called Strike
0-1: Foul Ball, location: 2F
0-2: Ball
1-2: Foul Ball, location: 2F
1-2: Ball
2-2: Foul Ball, location: 2F
2-2: Foul Ball, location: 2F
2-2: Ball
3-2: Foul Ball, location: 2F
3-2: Strikes out looking
Batting: RHB Ricardo Pérez 0-0: Called Strike
0-1: Ball
1-1: Foul Ball, location: 2F
1-2: Foul Ball, location: 2F
1-2: Foul Ball, location: 2F
1-2: Fly out, F8 (Flyball, 8LD)
Batting: RHB Juan Jose Díaz 0-0: Called Strike
0-1: Ground out 6-3 (Groundball, 6M)
Bottom of the 8th over - 0 run(s), 0 hit(s), 0 error(s), 0 left on base; Tortolita 10 - Santa Barbara 5
TOP OF THE 9TH
Tortolita Drummers batting - Pitching for Santa Barbara Golden Cranes : LHP Fernando Rivero
Batting: RHB Lonnie Conrad 0-0: Called Strike
0-1: Ball
1-1: Fly out, F8 (Flyball, 8LS)
Batting: LHB Keith Spear 0-0: Swinging Strike
0-1: Swinging Strike
0-2: Foul Ball, location: 2F
0-2: Ball
1-2: Strikes out looking
Batting: LHB Pat McJannett 0-0: Ball
1-0: Foul Ball, location: 2F
1-1: Ground out 4-3 (Groundball, 34)
Top of the 9th over - 0 run(s), 0 hit(s), 0 error(s), 0 left on base; Tortolita 10 - Santa Barbara 5
BOTTOM OF THE 9TH
Santa Barbara Golden Cranes batting - Pitching for Tortolita Drummers : LHP Jud Riggs
Batting: RHB Tim Wilson 0-0: Swinging Strike
0-1: Ball
1-1: Ball
2-1: Ball
3-1: Called Strike
3-2: Base on Balls
Batting: RHB José Masaferro 0-0: Grounds into double play, 5-4-3 (Groundball, 56)
Batting: RHB Jesús Murillo 0-0: Called Strike
0-1: Fly out, F2 (Popup, 23F)
Bottom of the 9th over - 0 run(s), 0 hit(s), 0 error(s), 0 left on base; Tortolita 10 - Santa Barbara 5
This league is powered by Out of the Park Baseball, the baseball management simulation game for PC, Mac and Linux
Friday, October 23rd, 2015 - OOTP Baseball 16.9 Build 39